Unix NetHack Version 5.0.0-0 post-release - last build Jul 19 2026 19:10:59 (3aa4ab31751d3886436d94b585a96704892fd477,branch:main).

Game began 2026-07-30 09:13:32, ended 2026-07-30 12:44:43.

Fendoran, chaotic male elven Wizard

         --------           --------
         |.......           |...|.(|
         |......|           |...-..|
         |.......           |...----  -+--       ----+--    |
         |...<..|           |......%..%../..................|
         |.......           |...-f-----+--       --+----
         ------.-           |...|@.%|
              #####   ##    |...|@f.|
               # #   # ##  #|...|...|
               # #   #######|...|.%%|
              ## ##  ## #  #|...|-----
            --[---|---..   #....-.(((|
            |.........)|  ##-...|.(((|
            |..........|   #|...|.(((|
            |..........|    |...------
            ------------    |....
                            ------

Fendoran the Thaumaturge  St:10 Dx:13 Co:16 In:20 Wi:15 Ch:7  Chaotic
Dlvl:8  $:216 HP:0(58) Pw:25(118) AC:7  Xp:8 T:6611 

Latest messages:
 Your knapsack cannot accommodate any more items.
 You see here a cream pie (for sale, 15 zorkmids).
 Your knapsack cannot accommodate any more items.
 You hear a door open.
 Micio picks up a food ration.
 You see here 2 food rations (for sale, 136 zorkmids).
 You see here a carrot (for sale, 11 zorkmids).
 What do you want to drop? [$a-zA-Z or ?*] K
 You drop a carrot.
 Pemboeang offers 4 gold pieces for your carrot.  Sell it? [ynaq] (n) y
 You sold a carrot for 4 gold pieces.
 You see here 2 food rations (for sale, 136 zorkmids).
 "For you, most gracious hir; only 68 zorkmids per food ration."
 U - 2 food rations (unpaid, 136 zorkmids) (3 in total).
 Micio drops a food ration.
 You bought 3 food rations for 204 gold pieces.
 "Thank you for shopping in Pemboeang's delicatessen!"
 In what direction? 8
 The spell hits the jaguar!
 The jaguar hits!
 The jaguar hits again!
 The jaguar bites!
 The jaguar hits!
 The jaguar hits again!
 The jaguar bites!
 In what direction? 8
 The spell misses the jaguar.
 The jaguar hits!
 The jaguar hits again!
 The jaguar bites!
 You hear a distant zap.
 In what direction? 8
 The spell hits the jaguar!
 The jaguar hits!
 The jaguar hits again!
 The jaguar bites!
 Micio picks up a tin.
 In what direction? 8
 The spell misses the jaguar.
 The jaguar hits!
 The jaguar hits again!
 The jaguar bites!
 The jaguar hits!
 The jaguar hits again!
 The jaguar bites!
 You die...
 Pemboeang gratefully inherits all your possessions.
 Do you want to see what you had when you died? [ynq] (y) y
 Do you want to see your attributes? [ynq] (y) y
 Do you want an account of creatures vanquished? [ynaq] (y) q

Inventory:
 Coins    ('$')
  $ - 216 gold pieces
 Amulets  ('"')
  R - an uncursed amulet of magical breathing (being worn)
 Weapons  (')')
  G - a +3 elven dagger
  a - a blessed +0 quarterstaff (weapon in hands)
 Armor    ('[')
  o - a cursed +0 orcish helm (being worn)
  t - an uncursed +0 pair of water walking boots (being worn)
  b - an uncursed +0 cloak of magic resistance (being worn)
 Comestibles  ('%')
  U - 3 uncursed food rations
 Scrolls  ('?')
  n - a blessed scroll of blank paper
  q - an uncursed scroll of blank paper
  x - 2 cursed scrolls of blank paper
  d - a blessed scroll of create monster
  L - 2 uncursed scrolls of create monster
  g - an uncursed scroll of enchant armor
  V - an uncursed scroll of genocide
  j - an uncursed scroll of magic mapping
  r - a blessed scroll of remove curse
  i - 2 uncursed scrolls of remove curse
  y - 2 cursed scrolls of remove curse
  u - a blessed scroll of scare monster
  D - an uncursed scroll of scare monster
  W - an uncursed scroll of scare monster
 Spellbooks  ('+')
  k - a blessed spellbook of force bolt
  A - an uncursed spellbook of levitation
  J - an uncursed spellbook of light
  S - an uncursed spellbook of magic mapping
 Potions  ('!')
  h - 4 uncursed potions of healing
  N - 2 cursed potions of healing
 Rings    ('=')
  Z - a cursed ring of hunger
  s - an uncursed ring of regeneration (on right hand)
  e - an uncursed ring of stealth
  X - an uncursed ring of teleport control
 Wands    ('/')
  c - a wand of light (0:15)
  F - a wand of make invisible (0:8)
  v - a wand of sleep (0:6)
  B - a wand of speed monster (0:4)
  z - a wand of striking (0:2)
 Tools    ('(')
  H - an uncursed blindfold
  w - an uncursed lock pick
  m - a magic marker (0:20)
  T - an uncursed magic whistle
  M - 2 uncursed tallow candles
  I - an uncursed tin whistle
 Gems/Stones  ('*')
  p - an uncursed jasper stone
  O - an uncursed jet stone
  Y - an uncursed ruby
  f - an uncursed worthless piece of black glass
  C - an uncursed worthless piece of blue glass
  P - 2 uncursed worthless pieces of orange glass
  Q - 2 uncursed worthless pieces of violet glass
  l - 2 uncursed worthless pieces of yellow glass
  E - 6 uncursed worthless pieces of yellowish brown glass

Fendoran the Wizard's attributes:

Background:
 You were a Thaumaturge, a level 8 male elven Wizard.
 You were chaotic, on a mission for Anhur
 who was opposed by Ptah (lawful) and Thoth (neutral).
 You were right-handed.
 You were in the Gnomish Mines, on level 8.
 You entered the dungeon 6611 turns ago.
 There was a full moon in effect when your adventure ended.
 You had 1500 experience points, 1060 more were needed to attain level 9.

Basics:
 You had 0 out of 58 hit points.
 You had 25 out of 118 energy points (spell power).
 Your armor class was 7.
 Your wallet contained 216 zorkmids.
 Autopickup was off.

Final Characteristics:
 Your strength was 10 (limit:18).
 Your dexterity was 13 (limit:18).
 Your constitution was 16 (limit:16).
 Your intelligence was 20 (limit:20).
 Your wisdom was 15 (limit:20).
 Your charisma was 7 (limit:18).

Final Status:
 You weren't hungry.
 You were unencumbered.
 You were wielding a quarterstaff.
 You were skilled in quarterstaff.

Final Attributes:
 You were piously aligned.
 You were magic-protected.
 You were sleep resistant.
 You had infravision.
 You could walk on water.
 You could survive without air.
 You regenerated.
 You were warded.
 You were fast.
 You are dead.

Miscellaneous:
 You didn't encounter any bones levels.
 Total elapsed playing time was 2 hours, 58 minutes and 47 seconds.

Major events:
 Turn
    1: Fendoran the chaotic male elven Wizard entered the dungeon
  217: made his first wish - "blessed scroll of genocide", got "a scroll labeled VAS CORP BET MANI"
  248: performed his first genocide (class L)
  765: attained the rank of Conjurer (level 3)
 3397: attained the rank of Thaumaturge (level 6)
 5080: entered the Gnomish Mines
 6538: reached Mine Town
 6611: killed by a jaguar

Spells:
 Name                 Level Category     Fail Retention
 force bolt             1   attack         0%   61%-70%
 detect food            2   divination    34%   51%-75%
 restore ability        4   healing       90%   51%-75%
 wizard lock            2   matter        34%   51%-75%
 magic mapping          5   divination   100%  76%-100%
 levitation             4   escape        90%  76%-100%

Skills:
 Fighting Skills
   bare handed combat [Unskilled]
   riding             [Unskilled]
 Weapon Skills
   dagger             [Unskilled]
   knife              [Unskilled]
   axe                [Unskilled]
   short sword        [Unskilled]
   club               [Unskilled]
   mace               [Unskilled]
   quarterstaff       [Skilled]
   polearms           [Unskilled]
   spear              [Unskilled]
   trident            [Unskilled]
   sling              [Unskilled]
   dart               [Unskilled]
   shuriken           [Unskilled]
 Spellcasting Skills
   attack spells      [Basic]
   healing spells     [Unskilled]
   divination spells  [Unskilled]
   enchantment spells [Basic]
   clerical spells    [Unskilled]
   escape spells      [Unskilled]
   matter spells      [Unskilled]

Voluntary challenges:
 Character rerolling was not enabled.
 You genocided 4 types of monsters.
 You never polymorphed an object.
 You never changed form.
 You used 1 wish.
 You did not wish for any artifacts.
Achievements:
 You entered a shop.
 You attained the rank of Conjurer.
 You attained the rank of Thaumaturge.
 You entered the Gnomish Mines.
 You entered Minetown.

 The Dungeons of Doom: levels 1 to 6
    Level 1:
       A fountain.
    Level 2:
       A general store, a fountain.
    Level 3:
       A general store, a sink.
    Level 4:
       Stairs down to The Gnomish Mines.
    Level 5:
       A fountain.
    Level 6:
       A fountain.
 The Gnomish Mines: levels 5 to 8
    Level 5:
    Level 6:
    Level 7:
    Level 8: <- You were here.
       Some shops.
       Final resting place for
          you, killed by a jaguar.


Vanquished creatures:
  a small mimic
  a large cat
  a dwarf ruler
 an ice vortex
  a gnome ruler
  a yeti
  a lizard
  a raven
  a plains centaur
  a snake
  3 human zombies
  4 bugbears
  3 wood nymphs
  a rock piercer
  a fog cloud
  2 yellow lights
  a shrieker
  a violet fungus
  5 gnome leaders
  4 gnomish wizards
  a gray ooze
  6 elf zombies
  a paper golem
  4 little dogs
  2 floating eyes
  a kitten
  8 dwarves
  a homunculus
  a kobold leader
  a kobold shaman
  4 rothes
  2 giant bats
  2 orc zombies
  3 dwarf zombies
  a wererat
  8 iguanas
  a killer bee
  2 coyotes
  3 hobbits
  3 manes
  a large kobold
  3 hobgoblins
  2 giant rats
  8 cave spiders
  a brown mold
  a yellow mold
 29 gnomes
  2 garter snakes
  a gnome zombie
  6 geckos
  a jackal
  a fox
  2 kobolds
  4 goblins
  5 sewer rats
  5 grid bugs
  3 lichens
  6 newts
171 creatures vanquished.

Genocided species:
 arch-liches
 master liches
 demiliches
 liches
4 species genocided.

Game over:
                       ----------
                      /          \
                     /    REST    \
                    /      IN      \
                   /     PEACE      \
                  /                  \
                  |     Fendoran     |
                  |       0 Au       |
                  |   killed by a    |
                  |      jaguar      |
                  |                  |
                  |                  |
                  |       2026       |
                 *|     *  *  *      | *
        _________)/\\_//(\/(/\)/\//\/|_)_______

Goodbye Fendoran the Wizard...

You died in The Gnomish Mines on dungeon level 8 with 6430 points,
and 0 pieces of gold, after 6611 moves.
You were level 8 with a maximum of 58 hit points when you died.

